 Dungeon Crawl Stone Soup version 0.29-a0-294-g83ea962da3 (webtiles) character file.

Game seed: 5930399214841452562

3709 epen the Covert (level 10, -11/77 HPs)
             Began as a Gnoll Brigand on Mar 18, 2022.
             Was a Follower of Cheibriados.
             Killed by divine providence
             ... invoked by an orc priest
              (15 damage)
             ... on level 8 of the Dungeon.
             The game lasted 00:09:36 (7389 turns).

epen the Covert (Gnoll Brigand)                     Turns: 7389, Time: 00:09:37

Health: -11/77     AC: 12    Str: 15    XL:     10   Next: 14%
Magic:  17/17      EV: 14    Int: 15    God:    Cheibriados [*.....]
Gold:   365        SH:  0    Dex: 15    Spells: 19/19 levels left

rFire   + . .      SeeInvis +   f - +9 hand crossbow of Ascent {penet, Fly rPois Dex-5 Stlth-}
rCold   + . .      Faith    .   (no shield)
rNeg    . . .      Spirit   .   E - +3 leather armour
rPois   +          Reflect  .   h - +2 hat {SInv}
rElec   +          Harm     .   c - +1 cloak
rCorr   +          Rampage  .   (no gloves)
Will    .....                   i - +0 pair of boots
Stlth   +.........              (no amulet)
HPRegen 0.22/turn               m - +4 ring of slaying
MPRegen 0.15/turn               (no ring)

@: confused, mighty, brilliant, resistant, flying, very slow
A: fangs 1, strong nose, distributed training, mutation resistance 1, strong 1,
no potion heal 1
a: Renounce Religion, Bend Time


You were on level 8 of the Dungeon.
You worshipped Cheibriados.
Cheibriados was aware of your devotion.
You visited 2 branches of the dungeon, and saw 9 of its levels.

You collected 365 gold pieces.

Inventory:

Hand Weapons
 a - a +3 dagger
 f - the +9 hand crossbow of Ascent (weapon) {penet, Fly rPois Dex-5 Stlth-}
   (You acquired it on level 5 of the Dungeon)

   Any ammunition fired by it passes through the targets it hits, potentially
   hitting all targets in its path until it reaches maximum range.
   Dex:       It affects your dexterity (-5).
   rPois:     It protects you from poison.
   Fly:       It grants you flight.
   Stlth:     It makes you less stealthy.
Missiles
 d - 23 poisoned darts
 e - 7 curare-tipped darts
Armour
 b - a +0 robe
 c - a +1 cloak (worn)
 h - a +2 hat of see invisible (worn)
 i - a +0 pair of boots (worn)
 k - a +0 ring mail
 s - +0 steam dragon scales
 E - a +3 leather armour (worn)
Jewellery
 g - a ring of flight
 j - an amulet of the acrobat
 m - a +4 ring of slaying (left hand)
 y - a +4 ring of evasion
Wands
 n - a wand of acid (7)
 t - a wand of iceblast (11)
 A - a wand of charming (8)
 B - a wand of polymorph (2)
Scrolls
 D - 3 scrolls of identify
Potions
 o - 3 potions of degeneration
 u - 3 potions of flight
 v - 2 potions of cancellation
 z - a potion of might
 C - a potion of haste


   Skills:
 + Level 6.8 Fighting
 + Level 6.8 Short Blades
 + Level 5.0 Long Blades
 + Level 5.0 Axes
 + Level 5.0 Maces & Flails
 + Level 5.0 Polearms
 + Level 5.0 Staves
 + Level 5.0 Slings
 + Level 5.0 Bows
 + Level 5.0 Crossbows
 + Level 6.8 Throwing
 + Level 5.0 Armour
 + Level 5.7 Dodging
 + Level 9.3 Stealth
 + Level 5.0 Shields
 + Level 5.0 Unarmed Combat
 + Level 5.0 Spellcasting
 + Level 4.1 Conjurations
 + Level 4.1 Hexes
 + Level 4.1 Summonings
 + Level 4.1 Necromancy
 + Level 4.1 Translocations
 + Level 4.1 Transmutations
 + Level 4.1 Fire Magic
 + Level 4.1 Ice Magic
 + Level 4.1 Air Magic
 + Level 4.1 Earth Magic
 + Level 4.1 Poison Magic
 + Level 5.5 Invocations
 + Level 5.0 Evocations


You had 19 spell levels left.
You didn't know any spells.
Your spell library contained the following spells:

 Spells                   Type           Power      Damage    Failure   Level
 Summon Guardian Golem    Hex/Summ       24%        N/A       11%         3
 Orb of Destruction       Conj           12%        9d7       100%        7
 Spellforged Servitor     Conj/Summ      12%        N/A       100%        7


Dungeon Overview and Level Annotations

Branches:
Dungeon (8/15)             Temple (1/1) D:7
   Lair: D:8-11

Altars:
Ashenzari
Cheibriados
Fedhas
Hepliaklqana
Kikubaaqudgha
Makhleb
Okawaru
Ru
Vehumet
Xom
The Shining One


Innate Abilities, Weirdness & Mutations

You have very sharp teeth.
Your uncanny sense of smell can sniff out nearby items.
Your experience applies equally to all skills.
You are somewhat resistant to further mutation.
Your muscles are strong. (Str +2)
Potions are less effective at restoring your health.


Message History

The orc warrior hits your kobold brigand with a +0 vorpal hand axe.
It was a potion of resistance.
You feel protected.
The orc warrior hits you with a +0 vorpal hand axe.
* * * LOW HITPOINT WARNING * * *
x2 The orc warrior hits your kobold brigand with a +0 vorpal hand axe!
The orc priest looks encouraged for a moment.
The orc wizard hits you but does no damage.
Your kobold brigand closely misses the orc warrior.
Your white imp hits the orc priest.
Your white imp freezes the orc priest.
It was a potion of brilliance.
You feel clever all of a sudden. The orc warrior misses you.
The orc warrior hits your kobold brigand with a +0 vorpal hand axe.
The orc priest hits you but does no damage.
The orc priest hits your white imp with a +0 hand axe.
The orc wizard hits you but does no damage.
Your kobold brigand closely misses the orc warrior.
Your white imp hits the orc priest.
Your white imp freezes the orc priest.
Your system partially rejects the healing.
You feel better. The orc wizard casts a spell at you.
You are confused.
The orc warrior closely misses you.
The orc warrior hits your kobold brigand with a +0 vorpal hand axe!
Your kobold brigand dies!
Your kobold brigand's corpse dissolves into shadows!
The orc priest completely misses you.
The orc priest closely misses your white imp.
Your white imp hits the orc priest but does no damage.
You shoot a bolt.
The bolt pierces through the orc wizard.
The orc wizard is moderately wounded.
The orc wizard hits you but does no damage.
The orc warrior hits you with a +0 vorpal hand axe.
* * * LOW HITPOINT WARNING * * *
x2 The orc warrior barely misses your kobold.
The orc priest invokes the aid of Beogh against you.
Beogh smites you!
You die...

.,,**,******,* **,*
#....... #,,,*,* *,*
*,,* #....... #,*,*,*
*,*****,** ##......
#,*,,,* *,**,,,,*
#....... ..#*,,*
*,##,**** #.......
###*,,* #,#.,*
###>...... #
**,,*****#.#5#*
#.....(... #
*,,,,,,,,#.)oo##
#.#....... #
*,,,,,,,,**,#o@#
#.##.>.>.. #
*,,,,,,,,,,,##o#
###.###..... #
*,,,,,,,,****#K##
##...# *##### *
*,,,,,,,,* #KK# #..###
* *,,,,,,,,* ##.###.##
*,,,,,,,,* #K##..#
*,,,,,,,,** #....##
*,,,,,,,,,****###..#
*********,,,,,,*####**


You could see an orc warrior, 2 orc priests, an orc wizard, a friendly white imp
(summoned) and 4 friendly kobolds.

Vanquished Creatures
  Joseph (D:7)
  Maggie (D:7)
  Sigmund (D:4)
  Menkaure (D:4)
  An orc warrior (D:7)
  A black bear (D:7)
  4 ice beasts
  3 sky beasts
  2 ogres
  A phantom (D:5)
  A gnoll sergeant (D:7)
  2 bullfrogs
  3 scorpions
  3 killer bees (D:7)
  A howler monkey (D:8)
  10 orc priests
  2 gnoll shamans
  A jelly (D:7)
  6 hounds
  4 iguanas (D:5)
  Terence (D:2)
  Natasha (thrice) (D:4)
  6 orc wizards
  Robin (D:2)
  11 gnolls
  4 adders
  4 white imps
  4 worms
  A dart slug (D:1)
  22 orcs
  2 bats (D:2)
  5 endoplasms
  2 giant cockroaches
  17 goblins
  7 hobgoblins
  6 jackals
  2 quokkas
  4 ball pythons
  3 frilled lizards
  6 kobolds
  3 rats
163 creatures vanquished.

Notes
Turn   | Place    | Note
-------+----------+-------------------------------------------
     0 | D:1      | epen the Gnoll Brigand began the quest for the Orb.
     0 | D:1      | Reached XP level 1. HP: 20/20 MP: 1/1
   153 | D:1      | Reached XP level 2. HP: 21/26 MP: 2/2
   689 | D:1      | Reached XP level 3. HP: 31/31 MP: 3/3
  1041 | D:2      | Noticed Terence
  1044 | D:2      | Killed Terence
  1045 | D:2      | Reached skill level 1 in Long Blades
  1045 | D:2      | Reached skill level 1 in Axes
  1045 | D:2      | Reached skill level 1 in Maces & Flails
  1045 | D:2      | Reached skill level 1 in Polearms
  1045 | D:2      | Reached skill level 1 in Staves
  1045 | D:2      | Reached skill level 1 in Slings
  1045 | D:2      | Reached skill level 1 in Bows
  1045 | D:2      | Reached skill level 1 in Crossbows
  1045 | D:2      | Reached skill level 1 in Armour
  1045 | D:2      | Reached skill level 1 in Shields
  1045 | D:2      | Reached skill level 1 in Unarmed Combat
  1045 | D:2      | Reached skill level 1 in Spellcasting
  1045 | D:2      | Reached skill level 1 in Invocations
  1045 | D:2      | Reached skill level 1 in Evocations
  1045 | D:2      | Reached XP level 4. HP: 38/38 MP: 5/5
  1234 | D:2      | Identified the +2 helmet of Courage {Harm}
  1234 | D:2      | Noticed Robin
  1360 | D:3      | Found a radiant altar of Vehumet.
  1452 | D:2      | Reached skill level 1 in Conjurations
  1452 | D:2      | Reached skill level 1 in Hexes
  1452 | D:2      | Reached skill level 1 in Summonings
  1452 | D:2      | Reached skill level 1 in Necromancy
  1452 | D:2      | Reached skill level 1 in Translocations
  1452 | D:2      | Reached skill level 1 in Transmutations
  1452 | D:2      | Reached skill level 1 in Fire Magic
  1452 | D:2      | Reached skill level 1 in Ice Magic
  1452 | D:2      | Reached skill level 1 in Air Magic
  1452 | D:2      | Reached skill level 1 in Earth Magic
  1452 | D:2      | Reached skill level 1 in Poison Magic
  1503 | D:2      | Killed Robin
  1529 | D:2      | Reached XP level 5. HP: 43/43 MP: 6/6
  1761 | D:3      | Found an ancient bone altar of Kikubaaqudgha.
  1877 | D:3      | Found a faded altar of an unknown god.
  2306 | D:4      | Found a burning altar of Makhleb.
  2306 | D:4      | Noticed a blizzard demon
  2430 | D:4      | Noticed Sigmund
  2441 | D:4      | Killed Sigmund
  2442 | D:4      | Reached skill level 8 in Stealth
  2442 | D:4      | Reached XP level 6. HP: 50/50 MP: 8/8
  2446 | D:4      | Reached skill level 5 in Fighting
  2446 | D:4      | Reached skill level 5 in Short Blades
  2446 | D:4      | Reached skill level 5 in Throwing
  2595 | D:4      | Noticed Natasha
  2606 | D:4      | Killed Natasha
  2961 | D:4      | Noticed Natasha
  2970 | D:4      | Killed Natasha
  2981 | D:4      | Noticed Natasha
  2995 | D:4      | Killed Natasha
  2996 | D:4      | Reached XP level 7. HP: 31/56 MP: 10/10
  3332 | D:4      | Noticed Menkaure
  3337 | D:4      | Killed Menkaure
  3379 | D:5      | Entered Level 5 of the Dungeon
  3728 | D:5      | Reached XP level 8. HP: 63/63 MP: 12/12
  3812 | D:5      | Gained mutation: Your muscles are strong. (Str +2) [potion
                  | of mutation]
  3812 | D:5      | Gained mutation: Potions are less effective at restoring
                  | your health. [potion of mutation]
  3812 | D:5      | Gained mutation: You are somewhat resistant to further
                  | mutation. [potion of mutation]
  4109 | D:5      | Identified 2 scrolls of acquirement
  4109 | D:5      | Acquired the +9 hand crossbow of Ascent {penet, Fly rPois
                  | Dex-5 Stlth-}
  4147 | D:4      | Acquired a +2 hat of see invisible
  4858 | D:6      | Reached XP level 9. HP: 38/69 MP: 14/14
  5729 | D:7      | Reached skill level 5 in Dodging
  5735 | D:7      | Found a staircase to the Ecumenical Temple.
  5745 | Temple   | Entered the Ecumenical Temple
  5755 | Temple   | Became a worshipper of Cheibriados the Contemplative
  5845 | D:7      | Noticed Maggie
  5856 | D:7      | Killed Maggie
  5857 | D:7      | Reached skill level 9 in Stealth
  6067 | D:7      | Reached skill level 5 in Invocations
  6184 | D:7      | Reached * piety under Cheibriados
  6244 | D:7      | Found an iron altar of Okawaru.
  6715 | D:7      | Reached XP level 10. HP: 77/77 MP: 17/17
  6897 | D:7      | Noticed Joseph
  6907 | D:7      | Killed Joseph
  6908 | D:7      | Reached skill level 5 in Long Blades
  6908 | D:7      | Reached skill level 5 in Axes
  6908 | D:7      | Reached skill level 5 in Maces & Flails
  6908 | D:7      | Reached skill level 5 in Polearms
  6908 | D:7      | Reached skill level 5 in Staves
  6908 | D:7      | Reached skill level 5 in Slings
  6908 | D:7      | Reached skill level 5 in Bows
  6908 | D:7      | Reached skill level 5 in Crossbows
  6908 | D:7      | Reached skill level 5 in Armour
  6908 | D:7      | Reached skill level 5 in Shields
  6908 | D:7      | Reached skill level 5 in Unarmed Combat
  6908 | D:7      | Reached skill level 5 in Spellcasting
  6908 | D:7      | Reached skill level 5 in Evocations
  7389 | D:8      | Killed from afar by an orc priest

Illustrated notes

Levels and vault maps discovered:
D:1:      lemuel_arrival_hallway, layout_basic, minmay_misc_feat_x,
          dreamdust_mushroom_princess, minmay_pentomino_t2
D:2:      layout_basic, uniq_robin, uniq_terence
D:3:      layout_basic, fiery_altar_vehumet, pf_just_have_faith,
          shapermc_ecumenical_altar_mp_highgroup, corexii_corridor_pit,
          grunt_decor_junction
D:4:      layout_loops_ring, makhleb_altar_promises_db, uniq_sigmund,
          uniq_natasha, uniq_menkaure
D:5:      layout_basic, st_stairs_6, chequers_serial_rivers_room_b
D:6:      layout_gridville
D:7:      layout_basic, kennysheep_okawaru_gauntlet,
          minmay_temple_entry_antechambers, uniq_maggie, uniq_joseph
D:8:      layout_rooms, kennysheep_generic_room_16
Temple:   eino_wide_crystal_templ

Skill      XL: |  1  2  3  4  5  6  7  8  9 10 |
---------------+-------------------------------+-----
Long Blades    | 1 2 3 4 5 |  5.0
Axes           | 1 2 3 4 5 |  5.0
Maces & Flails | 1 2 3 4 5 |  5.0
Polearms       | 1 2 3 4 5 |  5.0
Staves         | 1 2 3 4 5 |  5.0
Slings         | 1 2 3 4 5 |  5.0
Bows           | 1 2 3 4 5 |  5.0
Crossbows      | 1 2 3 4 5 |  5.0
Armour         | 1 2 3 4 5 |  5.0
Shields        | 1 2 3 4 5 |  5.0
Unarmed Combat | 1 2 3 4 5 |  5.0
Spellcasting   | 1 2 3 4 5 |  5.0
Invocations    | 1 2 3 4 5 |  5.5
Evocations     | 1 2 3 4 5 |  5.0
Conjurations   | 1 2 3 4 |  4.1
Hexes          | 1 2 3 4 |  4.1
Summonings     | 1 2 3 4 |  4.1
Necromancy     | 1 2 3 4 |  4.1
Translocations | 1 2 3 4 |  4.1
Transmutations | 1 2 3 4 |  4.1
Fire Magic     | 1 2 3 4 |  4.1
Ice Magic      | 1 2 3 4 |  4.1
Air Magic      | 1 2 3 4 |  4.1
Earth Magic    | 1 2 3 4 |  4.1
Poison Magic   | 1 2 3 4 |  4.1
Dodging        | 3 4 5 |  5.7
Stealth        | 8 9 |  9.3
Fighting       | 5 6 |  6.8
Short Blades   | 5 6 |  6.8
Throwing       | 5 6 |  6.8

Action                   |  1- 3 |  4- 6 |  7- 9 | 10-12 || total
-------------------------+-------+-------+-------+-------++-------
Melee: Dagger            |    68 |   114 |    49 |       ||   231
       Bite              |     2 |    10 |     6 |       ||    18
       Punch             |     1 |     2 |     1 |       ||     4
       Unarmed           |       |     8 |     5 |       ||    13
 Fire: Hand crossbow     |       |       |   199 |    32 ||   231
Throw: Dart              |       |     3 |    27 |       ||    30
  Use: Scroll            |       |       |    11 |     3 ||    14
       Potion            |       |       |     4 |     4 ||     8
 Stab: Sleeping          |    12 |     8 |     8 |       ||    28
Armor: Robe              |    10 |    14 |    15 |       ||    39
       Skin              |       |       |     6 |       ||     6
       Ring mail         |       |       |    10 |       ||    10
       Steam dragon scal |       |       |    11 |       ||    11
       Leather armour    |       |       |       |    12 ||    12
Dodge: Dodged            |    26 |    36 |    68 |    15 ||   145

Table legend: (Time is in decaauts)
 A = Elapsed time spent in this place.
 B = Non-inter-level travel time spent in this place.
 C = Inter-level travel time spent in this place.
 D = Time resting spent in this place.
 E = Time spent auto-exploring this place.
 F = Levels seen in this place.
 G = Mean time per level.
                   A        B        C        D        E       F      G
               +--------+--------+--------+--------+--------+-----+--------+
         Total |   7776 |   7413 |    363 |    342 |   5851 |   9 |  864.0 |
       Dungeon |   7754 |   7401 |    353 |    342 |   5847 |   8 |  969.2 |
        Temple |     22 |     12 |     10 |      0 |      4 |   1 |   22.0 |
               +--------+--------+--------+--------+--------+-----+--------+

Top non-repeatable levels by time:
     D:7: 1946 daAuts
     D:4: 1347 daAuts
     D:5: 1165 daAuts
     D:6: 954 daAuts
     D:1: 768 daAuts
     D:2: 736 daAuts
     D:3: 705 daAuts
     D:8: 129 daAuts
  Temple: 22 daAuts
